 Dungeon Sprint DCSS version 0.28.0-43-g3370ac3207 (webtiles) character file.

Game seed: 11255745271823964599

23765 boopmooplesden the Minotaur Blade (level 12, -4/189 HPs)
             Began as a Minotaur Berserker on Mar 14, 2022.
             Was the Champion of Trog.
             Slain by the 24-headed Lernaean hydra (6 damage)
             ... in the Dungeon (Sprint I: "Red Sonja").
             The game lasted 00:12:36 (3722 turns).

boopmooplesden the Minotaur Blade (MiBe)            Turns: 3722, Time: 00:12:37

Health: -4/189     AC: 12    Str: 35    XL:     12   Next: 74%
Magic:  8/8        EV: 19    Int:  4    God:    Trog [******]
Gold:   1011       SH:  0    Dex: 19    Spells: 11/11 levels left

rFire   + . .      SeeInvis +   E - +6 long sword of Absolution {flame, rPois Dex+7}
rCold   + + .      Faith    .   (no shield)
rNeg    . . .      Spirit   .   j - +2 ring mail {rC+}
rPois   +          Reflect  .   (helmet restricted)
rElec   .          Harm     .   (no cloak)
rCorr   .          Rampage  .   s - +0 pair of gloves of Conscience {*Slow rPois Str+6 SInv}
Will    .....      Rage     1%  r - +2 pair of boots {Stlth+}
Stlth   .......... NoTele   +   (no amulet)
HPRegen 0.00/turn               o - ring of see invisible
MPRegen 0.11/turn               D - ring "Kamehaas" {rF+ Will- Str+6 Slay+6}

@: berserking, inhibited regen, studying Long Blades, very quick
A: horns 2, retaliatory headbutt, berserk 1, cold resistance 1, deformed body,
frail 1, low MP 2, screaming 1, inhibited regeneration, weak 1, inability to
read while threatened
a: Renounce Religion, Berserk, Trog's Hand, Brothers in Arms


You were in the Dungeon.
You worshipped Trog.
Trog was exalted by your worship.
You visited 1 branch You collected 2654 gold pieces.
You spent 1643 gold pieces at shops.

Inventory:

Hand Weapons
 a - a +0 falchion
 n - the +7 triple sword "Ulerch" {vorpal, rPois Will+ Dex+4}
   (Trog gifted it to you in the Dungeon)

   It inflicts extra damage upon your enemies.
   Dex:       It affects your dexterity (+4).
   rPois:     It protects you from poison.
   Will:      It increases your willpower.
 u - a +7 antimagic triple sword
 v - a +6 antimagic triple sword
 E - the +6 long sword of Absolution (weapon) {flame, rPois Dex+7}
   (Trog gifted it to you in the Dungeon)

   It burns those it strikes, dealing additional fire damage.
   Big, fiery blades are also staple armaments of hydra-hunters.
   Dex:       It affects your dexterity (+7).
   rPois:     It protects you from poison.
Armour
 j - a +2 ring mail of cold resistance (worn)
 m - a +0 troll leather armour
 q - a +2 ring mail of fire resistance
 r - a +2 pair of boots of stealth (worn)
 s - the +0 pair of gloves of Conscience (worn) {*Slow rPois Str+6 SInv}
   (You bought it in a shop in the Dungeon)

   Str:       It affects your strength (+6).
   rPois:     It protects you from poison.
   SInv:      It lets you see invisible.
   *Slow:     It may slow you when you take damage.
 t - the +0 ring mail of Okawaru's Castigation {Int+5 Dex+3}
   (You bought it in a shop in the Dungeon)

   Int:       It affects your intelligence (+5).
   Dex:       It affects your dexterity (+3).
Jewellery
 o - a ring of see invisible (left hand)
 D - the ring "Kamehaas" (right hand) {rF+ Will- Str+6 Slay+6}
   (You bought it in a shop in the Dungeon)

   [ring of protection from fire]

   Str:       It affects your strength (+6).
   Slay:      It affects your accuracy & damage with ranged weapons and melee
   (+6).
   rF:        It protects you from fire.
   Will:      It decreases your willpower.
Wands
 b - a wand of flame (40)
 i - a wand of digging (1)
Scrolls
 h - 4 scrolls of blinking
 l - a scroll of immolation {unknown}
 p - a scroll of magic mapping {unknown}
 w - a scroll of brand weapon {unknown}
 y - 2 scrolls of summoning {unknown}
 A - a scroll of vulnerability {unknown}
 C - a scroll of identify {unknown}
Potions
 c - 3 potions of curing
 d - a potion of heal wounds
 e - a potion of haste
 f - 2 potions of magic
 g - a potion of berserk rage
 k - a potion of mutation {unknown}
 x - a potion of flight {unknown}
 z - a potion of attraction {unknown}
 B - a potion of ambrosia {unknown}


   Skills:
 + Level 23.0 Fighting
 + Level 26.2 Long Blades
 + Level 13.4 Armour
 + Level 11.4 Dodging
 + Level 6.8 Stealth
 + Level 0.6 Evocations


You had 11 spell levels left.
You didn't know any spells.
Your spell library was empty.

Dungeon Overview and Level Annotations

Branches:
Dungeon (1/1)

Altars:
Cheibriados
Dithmenos
Elyvilon
Fedhas
Gozag
Hepliaklqana
Kikubaaqudgha
Makhleb
Nemelex Xobeh
Okawaru
Qazlal
Ru
Sif Muna
Trog
Uskayaw
Vehumet
Wu Jian
Xom
Yredelemnul
Zin
The Shining One
Jiyva
Lugonu

Shops:
D [=*=*!*=([*?[?(=[!!*

Annotations:
D Lernaean hydra, Tiamat


Innate Abilities, Weirdness & Mutations

You have a pair of horns on your head.
You reflexively headbutt those who attack you in melee.
You tend to lose your temper in combat.
Your flesh is cold resistant. (rC+)
Armour fits poorly on your strangely shaped body.
You are frail. (-10% HP)
Your magical capacity is very low. (-20% MP)
You occasionally shout uncontrollably at your foes.
You do not regenerate when monsters are visible.
You are weak. (Str -2)
You sometimes lose the ability to read scrolls when taking damage.


Message History

The 26-headed Lernaean hydra bites you!
* * * LOW HITPOINT WARNING * * *
The 26-headed Lernaean hydra misses you.
The 26-headed Lernaean hydra closely misses you.
The 26-headed Lernaean hydra misses you.
The 26-headed Lernaean hydra bites you!
* * * LOW HITPOINT WARNING * * *
The 26-headed Lernaean hydra closely misses you.
The 26-headed Lernaean hydra completely misses you.
The 26-headed Lernaean hydra bites you but does no damage.
The 26-headed Lernaean hydra bites you!
* * * LOW HITPOINT WARNING * * *
The 26-headed Lernaean hydra bites you!
* * * LOW HITPOINT WARNING * * *
You slice one of the 26-headed Lernaean hydra's heads off!
The flame cauterises the wound!
You slash the 25-headed Lernaean hydra! You burn the 25-headed Lernaean hydra!
The 25-headed Lernaean hydra is moderately wounded.
You lop one of the 25-headed Lernaean hydra's heads off!
The flame cauterises the wound!
You slice the 24-headed Lernaean hydra!!
You burn the 24-headed Lernaean hydra!
The 24-headed Lernaean hydra is severely wounded.
The 24-headed Lernaean hydra closely misses you.
The 24-headed Lernaean hydra bites you.
* * * LOW HITPOINT WARNING * * *
The 24-headed Lernaean hydra bites you but does no damage.
The 24-headed Lernaean hydra completely misses you.
The 24-headed Lernaean hydra bites you.
* * * LOW HITPOINT WARNING * * *
The 24-headed Lernaean hydra barely misses you.
The 24-headed Lernaean hydra completely misses you.
The 24-headed Lernaean hydra bites you.
* * * LOW HITPOINT WARNING * * *
The 24-headed Lernaean hydra bites you but does no damage.
The 24-headed Lernaean hydra bites you!
* * * LOW HITPOINT WARNING * * *
The 24-headed Lernaean hydra bites you but does no damage.
The 24-headed Lernaean hydra bites you.
You die...

§§)§§##..'.§#§..§##
#§.§#######'#.§=.§#
###§#.).##..#§§§.§#
#.##...#..##§.§.#
#..#.#.#..≈###§## #
##...#.#..≈e:#§####'#
#.)###.#..≈.##§#....##
#.##...#..≈##§§§§....#
#..#+###..≈#.§@D§§§...
##...# ≈..##)..§§§....
###.# ≈..#§..§..|....
#.# #....§§..... #.#
##.......... ####'#
#$$$$$$$$$$ ###....#
##$$§$$$$$# #...####
##(=?$$(## ))###


You could see the 24-headed Lernaean hydra.

Vanquished Creatures
  A golden dragon (D)
  A shadow dragon (D)
  A daeva (D)
  4 fire giants (D)
  A hydra (D)
  2 centaur warriors (D)
  Sonja (D)
  A deep troll (D)
  A lindwurm (D)
  An oklob plant (D)
  8 shining eyes (D)
  A merfolk siren (D)
  2 gargoyles (D)
  7 unseen horrors (D)
  4 demonic crawlers (D)
  2 kobold demonologists (D)
  A hellwing (D)
  A slime creature (D)
  A hornet (D)
  Sigmund (D)
  A yak (D)
  13 hogs (D)
  2 redbacks (D)
  7 floating eyes (D)
  7 necrophages (D)
  An ogre (D)
  8 jellies (D)
  Ijyb (D)
82 creatures vanquished.

Vanquished Creatures (others)
  A deep elf master archer (D)
  4 hornets (D)
  2 ballistomycete spores (D)
7 creatures vanquished.

Grand Total: 89 creatures vanquished

Notes
Turn   | Place    | Note
-------+----------+-------------------------------------------
     0 | D        | boopmooplesden the Minotaur Berserker began the quest for
                  | the Orb.
     0 | D        | Reached XP level 1. HP: 19/19 MP: 0/0
     2 | D        | Noticed Ijyb
     5 | D        | Killed Ijyb
     6 | D        | Reached skill level 5 in Fighting
     6 | D        | Reached skill level 5 in Long Blades
     6 | D        | Reached XP level 2. HP: 29/29 MP: 1/1
    41 | D        | Noticed an ogre
    44 | D        | Killed an ogre
    45 | D        | Reached skill level 7 in Long Blades
    45 | D        | Reached XP level 3. HP: 40/40 MP: 2/2
    45 | D        | Reached XP level 4. HP: 48/48 MP: 3/3
    75 | D        | Noticed Sigmund
    84 | D        | Killed Sigmund
    84 | D        | Reached ** piety under Trog
    85 | D        | Reached skill level 10 in Long Blades
    85 | D        | Reached skill level 5 in Armour
    85 | D        | Reached XP level 5. HP: 58/58 MP: 4/4
    85 | D        | Reached XP level 6. HP: 66/66 MP: 5/5
   135 | D        | Found a burning altar of Makhleb.
   135 | D        | Found a viscous altar of Jiyva.
   135 | D        | Found a shimmering altar of Xom.
   135 | D        | Found a corrupted altar of Lugonu.
   135 | D        | Noticed a slime creature
   140 | D        | Killed a slime creature
   141 | D        | Reached skill level 11 in Long Blades
   141 | D        | Reached skill level 5 in Dodging
   181 | D        | Found an ornate altar of the Wu Jian Council.
   181 | D        | Found a shimmering blue altar of Sif Muna.
   183 | D        | Found a radiant altar of Vehumet.
   187 | D        | Reached skill level 12 in Long Blades
   323 | D        | Found Xoaveots's Jewellery Emporium.
   323 | D        | Found an ancient bone altar of Kikubaaqudgha.
   323 | D        | Found a hazy altar of Hepliaklqana.
   323 | D        | Found a stormy altar of Qazlal.
   323 | D        | Found a hide-covered altar of Uskayaw.
   323 | D        | Found a blossoming altar of Fedhas.
   323 | D        | Found a bloodstained altar of Trog.
   323 | D        | Found an iron altar of Okawaru.
   323 | D        | Found a basalt altar of Yredelemnul.
   323 | D        | Found a glowing golden altar of the Shining One.
   323 | D        | Found a snail-covered altar of Cheibriados.
   323 | D        | Found a sacrificial altar of Ru.
   323 | D        | Found a glowing silver altar of Zin.
   323 | D        | Found a shadowy altar of Dithmenos.
   323 | D        | Found a white marble altar of Elyvilon.
   323 | D        | Noticed a yak
   329 | D        | Killed a yak
   330 | D        | Reached XP level 7. HP: 75/75 MP: 6/6
   330 | D        | Found an opulent altar of Gozag.
   331 | D        | Found a sparkling altar of Nemelex Xobeh.
   353 | D        | Noticed a centaur warrior
   353 | D        | Noticed a centaur warrior
   369 | D        | Killed a centaur warrior
   370 | D        | Reached skill level 14 in Long Blades
   370 | D        | Reached skill level 1 in Stealth
   370 | D        | Reached XP level 8. HP: 24/86 MP: 7/7
   373 | D        | Killed a centaur warrior
   373 | D        | Reached *** piety under Trog
   374 | D        | Reached skill level 15 in Long Blades
   667 | D        | Noticed a deep troll
   674 | D        | Killed a deep troll
   675 | D        | Reached skill level 15 in Fighting
   675 | D        | Reached skill level 16 in Long Blades
   675 | D        | Reached XP level 9. HP: 97/97 MP: 8/8
   813 | D        | Noticed an oklob plant
   822 | D        | Killed an oklob plant
   823 | D        | Reached skill level 17 in Long Blades
   832 | D        | Reached **** piety under Trog
  1018 | D        | Killed an unseen horror
  1020 | D        | Killed an unseen horror
  1245 | D        | Reached skill level 10 in Armour
  1245 | D        | Reached ***** piety under Trog
  1251 | D        | Reached XP level 10. HP: 108/108 MP: 9/9
  1259 | D        | Paralysed by a floating eye for 3 turns
  1264 | D        | Identified the +7 triple sword "Ulerch" {vorpal, rPois
                  | Will+ Dex+4} (Trog gifted it to you in the Dungeon)
  1264 | D        | Received a gift from Trog
  1265 | D        | Reached skill level 18 in Long Blades
  1281 | D        | Identified the +0 helmet of the Stars {rC+ Will- Regen+
                  | Stlth+}
  1309 | D        | Found Gazof's Jewellery Shoppe.
  1309 | D        | Found Taumm's Assorted Antiques.
  1309 | D        | Found Pume's Weapon Boutique.
  1311 | D        | Found Qitz's Armour Emporium.
  1311 | D        | Found Venenoxai's General Store.
  1311 | D        | Found Sidikex's Magic Scroll Shoppe.
  1311 | D        | Found Cava's Antique Armour Boutique.
  1311 | D        | Found Furphia's Magic Scroll Emporium.
  1311 | D        | Found Pilocoa's Weapon Shop.
  1311 | D        | Found Uwomas's Jewellery Shoppe.
  1312 | D        | Found Feygemum's Antique Armour Boutique.
  1313 | D        | Bought a +2 pair of boots of stealth for 236 gold pieces
  1318 | D        | Found Duomiach's Distillery.
  1318 | D        | Found Gyqoil's Distillery.
  1319 | D        | Found Emialab's General Store.
  1323 | D        | Bought a pair of crude gloves for 237 gold pieces
  1323 | D        | Identified the +0 pair of gloves of Conscience {*Slow rPois
                  | Str+6 SInv} (You bought it in a shop in the Dungeon)
  1332 | D        | Bought a transparent ring mail for 252 gold pieces
  1332 | D        | Identified the +0 ring mail of Okawaru's Castigation {Int+5
                  | Dex+3} (You bought it in a shop in the Dungeon)
  1425 | D        | Noticed Sonja
  1429 | D        | Killed Sonja
  1443 | D        | Found Besoluem's Armour Boutique.
  1453 | D        | Noticed a shining eye
  1453 | D        | Noticed a shining eye
  1453 | D        | Noticed a shining eye
  1453 | D        | Noticed a shining eye
  1453 | D        | Noticed a shining eye
  1453 | D        | Noticed a shining eye
  1456 | D        | Noticed a shining eye
  1456 | D        | Noticed a shining eye
  1457 | D        | Gained mutation: Your flesh is cold resistant. (rC+) [a
                  | shining eye]
  1457 | D        | Gained mutation: You are weak. (Str -2) [a shining eye]
  1458 | D        | Received a gift from Trog
  1459 | D        | Paralysed by a floating eye for 2 turns
  1460 | D        | Gained mutation: Armour fits poorly on your strangely
                  | shaped body. [a shining eye]
  1462 | D        | Gained mutation: You sometimes lose the ability to read
                  | scrolls when taking damage. [a shining eye]
  1463 | D        | Killed a shining eye
  1464 | D        | Paralysed by a floating eye for 3 turns
  1466 | D        | Gained mutation: You occasionally shout uncontrollably at
                  | your foes. [a shining eye]
  1469 | D        | Reached skill level 19 in Long Blades
  1469 | D        | Paralysed by a floating eye for 3 turns
  1469 | D        | Gained mutation: You are very weak. (Str -4) [a shining
                  | eye]
  1474 | D        | Lost mutation: You are very weak. (Str -4) [a shining eye]
  1475 | D        | Killed a shining eye
  1476 | D        | Gained mutation: Your magical capacity is low. (-10% MP) [a
                  | shining eye]
  1477 | D        | Killed a shining eye
  1477 | D        | Reached ****** piety under Trog
  1477 | D        | Gained mutation: You tend to lose your temper in combat. [a
                  | shining eye]
  1478 | D        | Reached skill level 5 in Stealth
  1479 | D        | Killed a shining eye
  1479 | D        | Gained mutation: You do not regenerate when monsters are
                  | visible. [a shining eye]
  1481 | D        | Killed a shining eye
  1481 | D        | Gained mutation: You have hidden genetic defects. [a
                  | shining eye]
  1484 | D        | Killed a shining eye
  1485 | D        | Reached skill level 20 in Long Blades
  1485 | D        | Reached XP level 11. HP: 121/121 MP: 8/8
  1486 | D        | Killed a shining eye
  1489 | D        | Killed a shining eye
  1489 | D        | Received a gift from Trog
  1496 | D        | Gained mutation: You are frail. (-10% HP) [hidden defects]
  1498 | D        | Found Myroaruw's Assorted Antiques.
  1498 | D        | Found Yxiex's Jewellery Shoppe.
  1498 | D        | Found Ulen's Distillery.
  1498 | D        | Found Ziopner's General Store.
  1618 | D        | Received a gift from Trog
  1620 | D        | Reached skill level 21 in Long Blades
  1651 | D        | Gained mutation: Your magical capacity is very low. (-20%
                  | MP) [hidden defects]
  1651 | D        | Lost mutation: You have hidden genetic defects. [hidden
                  | defects expressed]
  1725 | D        | Noticed a lindwurm
  1729 | D        | Killed a lindwurm
  1743 | D        | Identified the +6 long sword of Absolution {flame, rPois
                  | Dex+7} (Trog gifted it to you in the Dungeon)
  1743 | D        | Received a gift from Trog
  1752 | D        | Reached skill level 22 in Long Blades
  1753 | D        | Received a gift from Trog
  1758 | D        | Reached skill level 10 in Dodging
  1774 | D        | Noticed a 12-headed hydra
  1776 | D        | Killed a 14-headed hydra
  1776 | D        | Received a gift from Trog
  1776 | D        | Paralysed by a floating eye for 4 turns
  1900 | D        | Noticed a daeva
  1910 | D        | Reached skill level 23 in Long Blades
  2244 | D        | Noticed a fire giant
  2247 | D        | Noticed a fire giant
  2247 | D        | Noticed a fire giant
  2248 | D        | Noticed a fire giant
  2257 | D        | Killed a fire giant
  2257 | D        | Received a gift from Trog
  2258 | D        | Reached XP level 12. HP: 85/122 MP: 8/8
  2260 | D        | Killed a fire giant
  2261 | D        | Killed a fire giant
  2262 | D        | Reached skill level 24 in Long Blades
  2264 | D        | Killed a fire giant
  2264 | D        | Received a gift from Trog
  2291 | D        | Found the +4 dragonskin cloak
  2291 | D        | Noticed Tiamat
  2641 | D        | Killed a daeva
  2734 | D        | Bought the ring "Kamehaas" {rF+ Will- Str+6 Slay+6} for 918
                  | gold pieces
  2803 | D        | Noticed a deep elf annihilator
  3122 | D        | Noticed the 27-headed Lernaean hydra
  3182 | D        | Noticed a shadow dragon
  3208 | D        | Noticed a golden dragon
  3442 | D        | Noticed a deep elf master archer
  3452 | D        | Killed a deep elf master archer
  3453 | D        | Reached skill level 25 in Long Blades
  3658 | D        | Killed a golden dragon
  3715 | D        | Killed a shadow dragon
  3716 | D        | Reached skill level 26 in Long Blades
  3722 | D        | HP: 2/189 [the 24-headed Lernaean hydra (10)]
  3722 | D        | Slain by the 24-headed Lernaean hydra

Illustrated notes

Levels and vault maps discovered:
D:        dungeon_sprint_1 [red_sonja_temple_1, red_sonja_temple_small_1]

Skill      XL: |  1  2  3  4  5  6  7  8  9 10 11 12 |
---------------+-------------------------------------+-----
Fighting       | 5 7 9 11 13 15 16 18 21 23 | 23.0
Long Blades    | 5 7 10 12 14 16 17 20 23 26 | 26.2
Armour         | 3 4 5 6 7 8 10 11 12 13 | 13.4
Dodging        | 3 4 5 6 7 8 9 10 11 | 11.4
Stealth        | 1 2 3 5 6 |  6.8
Evocations     | |  0.6

Action                   |  1- 3 |  4- 6 |  7- 9 | 10-12 || total
-------------------------+-------+-------+-------+-------++-------
Melee: Falchion          |     4 |    19 |    51 |     8 ||    82
       Headbutt          |     1 |     5 |    15 |    28 ||    49
       Triple sword      |       |       |       |   124 ||   124
       Long sword        |       |       |       |     6 ||     6
Invok: Berserk           |     2 |     3 |     6 |     5 ||    16
Evoke: Wand              |       |       |       |     1 ||     1
 Stab: Sleeping          |       |       |       |     3 ||     3
       Distracted        |       |       |       |     1 ||     1
Armor: Ring mail         |       |     3 |     9 |    49 ||    61
Dodge: Dodged            |     1 |     4 |    17 |    78 ||   100
